cohdb
Replays
Latest Replays
All Replays
Popular Replays
Top Player Replays
Match Explorer
How It Works
Community
CoH3 Stats
Reddit
Sign in to upload your games and track your stats! →
Sign in with Steam
Match 43193385
Unlisted
Match 43193385
Overview
Messages
Build Orders
End
Construct Barracks
Riflemen Squad
Riflemen Squad
Grenade Package
Riflemen Squad
Selects Advanced Infantry Battlegroup
Selects Convert to Ranger Squad
Infantry Support Center
Convert to Ranger Squad
Construct Weapon Support Center
thedowner21
Jrsss
Dimawoo1
Psixor
Cool
matrix4x4
frank887244
MadKritik
0
0
Comments
sign in to comment!
No comments posted yet!